 Dungeon Crawl Stone Soup version 0.20-a0-957-g47ad1fd (webtiles) character file.

14131 M4edhros the Blocker (level 11, -2/91 HPs)
             Began as a Minotaur Berserker on Apr 5, 2017.
             Was a Priest of Trog.
             Slain by a slime creature (5 damage)
             ... on level 14 of the Dungeon.
             The game lasted 00:14:20 (2587 turns).

M4edhros the Blocker (Minotaur Berserker)           Turns: 2587, Time: 00:14:21

Health: -2/91      AC:  9    Str: 22    XL:     11   Next: 84%
Magic:  10/10      EV: 18    Int:  4    God:    Trog [***...]
Gold:   305        SH: 15    Dex: 13    Spells: 10/10 levels left

rFire    . . .     SeeInvis .   v - +2 war axe (elec)
rCold    . . .     Gourm    .   i - +2 shield
rNeg     . . .     Faith    +   m - +0 troll leather armour
rPois    +         Spirit   .   (helmet restricted)
rElec    .         Reflect  .   (no cloak)
rCorr    .         Harm     .   (no gloves)
MR       ++...                  (no boots)
Stlth    +.........             D - amulet of faith
Regen    1.7/turn               (no ring)
MPRegen  0.2/turn               (no ring)

@: exhausted, regenerating, studying Invocations, drained
A: retaliatory headbutt, hooves 1, horns 2, iridescent scales 1, thin metallic
scales 1, sense surroundings 1, poison resistance
a: Berserk, Trog's Hand, Burn Spellbooks, Renounce Religion


You were on level 14 of the Dungeon.
You worshipped Trog.
Trog was most pleased with you.
You were near starving.

You visited 1 branch of the dungeon, and saw 15 of its levels.

You collected 305 gold pieces.

Inventory:

Hand Weapons
 a - a +0 hand axe
 p - a +0 war axe
 q - the +10 mace "Awoa" {freeze, rElec}
   (You found it on level 9 of the Dungeon)

   It has been specially enchanted to freeze those struck by it, causing extra
   injury to most foes and up to half again as much damage against particularly
   susceptible opponents.
   It can also slow down cold-blooded creatures.
   It insulates you from electricity.
 s - a +0 blowgun
 v - a +2 war axe of electrocution (weapon)
Missiles
 y - 6 curare-tipped needles
Armour
 b - a +0 animal skin
 e - a +0 leather armour of cold resistance
 g - a +0 plate armour
 i - a +2 shield (worn)
 m - a +0 troll leather armour (worn)
 A - +0 acid dragon scales
Jewellery
 x - an uncursed ring of ice
 D - an amulet of faith (around neck)
Wands
 d - a wand of disintegration (13/24)
 n - a wand of random effects (39/48)
 z - a wand of flame (28/48)
 G - a wand of confusion (18/48)
Scrolls
 h - 5 scrolls of identify
 t - a scroll of enchant weapon {unknown}
 u - a scroll of remove curse {unknown}
 w - a scroll of fear {unknown}
 C - a scroll of blinking {unknown}
 F - a scroll of recharging {unknown}
Books
 l - a manual of Invocations
Comestibles
 c - 18 fruits
 f - 2 meat rations
 r - 5 royal jellies
 E - a chunk of flesh


   Skills:
 * Level 6.9(6.7) Fighting
 * Level 12.4(12.2) Axes
 - Level 5.8(5.6) Armour
 + Level 11.5(11.3) Dodging
 - Level 12.6(12.4) Shields


You had 10 spell levels left.
You didn't know any spells.

Dungeon Overview and Level Annotations

Branches:
Dungeon (15/15)            Vaults (0/5) D:13         Depths (0/5) D:15
 Temple: D:4-7         Lair: D:8-11         Orc: D:9-12

Altars:
Ashenzari
Trog
The Shining One

Shops:
D:9 :


Innate Abilities, Weirdness & Mutations

You reflexively headbutt those who attack you in melee.
You have a pair of horns on your head.
You have large cloven feet.
You are partially covered in iridescent scales. (AC +2)
You are partially covered in thin metallic scales. (AC +2)
You passively map a small area around you.
Your system is resistant to poisons. (rPois)


Message History

You slash the slime creature!
Two slime creatures merge to form a very large slime creature.
The slime creature hits you!
* * * LOW HITPOINT WARNING * * *
Unknown command.
Unknown command.
Okay, then.
It was a potion of cancellation.
You feel magically purged. The slime creature closely misses you.
You block the large slime creature's attack.
You hit the large slime creature.
You kick the large slime creature, but do no damage.
Your headbutt misses the large slime creature.
The large slime creature is lightly wounded.
You hit the very large slime creature. You hit the slime creature.
Lightning courses through the slime creature!
The very large slime creature hits you!
* * * LOW HITPOINT WARNING * * *
The slime creature hits you.
You die...

, , , , * , , ,
, , , ,
*#.#######
......J@#* **
#.#####JJ......
, * * #..######
#..# ,,, #..# *
,, #..# #..# *
* *#... ,, , *
*


You could see a very large slime creature, a large slime creature and a slime
creature.

Vanquished Creatures
  Fannar (D:11)
  A catoblepas (D:15)
  A centaur warrior (D:13)
  3 two-headed ogres
  A death knight (D:11)
  Sonja (D:11)
  A deep troll (D:13)
  A necromancer (D:13)
  3 centaur zombies
  2 rust devils (D:10)
  A centaur skeleton (D:13)
  A komodo dragon (D:8)
  3 trolls
  A hornet (D:12)
  3 slime creatures (D:12)
  2 dream sheep (D:10)
  A hippogriff (D:12)
  2 wraiths
  2 yaks (D:10)
  A shadow (D:13)
  3 hungry ghosts
  A steam dragon (D:11)
  4 vampire mosquitoes (D:13)
  An acid dragon (D:12)
  4 orc warriors
  2 ice beasts (D:12)
  2 sky beasts
  2 phantoms
  A necrophage (D:9)
  An eye of draining (D:12)
  An ogre (D:9)
  2 big kobolds (D:10)
  3 bullfrogs
  3 wights (D:14)
  A howler monkey (D:12)
  4 bullfrog zombies
  An orc priest (D:13)
  5 orc wizards
  Ijyb (D:3)
  2 worker ants (D:13)
  A hound skeleton (D:4)
  Robin (D:3)
  3 adders
  2 shadow imps (D:9)
  A dart slug (D:3)
  10 orcs
  2 giant cockroaches
  7 goblins (D:3)
  3 hobgoblins (D:3)
  A quokka (D:12)
  A kobold (D:3)
  A rat (D:2)
109 creatures vanquished.

Notes
Turn   | Place    | Note
-------+----------+-------------------------------------------
     0 | D:1      | M4edhros the Minotaur Berserker began the quest for the Orb.
     0 | D:1      | Reached XP level 1. HP: 19/19 MP: 0/0
    55 | D:3      | Noticed Ijyb
    61 | D:3      | Killed Ijyb
    61 | D:3      | Reached skill level 5 in Axes
    61 | D:3      | Reached XP level 2. HP: 26/26 MP: 1/1
   179 | D:3      | Reached XP level 3. HP: 25/31 MP: 2/2
   285 | D:3      | Noticed Robin
   303 | D:3      | Killed Robin
   395 | D:4      | Reached XP level 4. HP: 36/39 MP: 3/3
   415 | D:4      | Reached ** piety under Trog
   419 | D:4      | Found a glowing golden altar of the Shining One.
   421 | D:5      | Entered Level 5 of the Dungeon
   467 | D:6      | Reached skill level 1 in Shields
   514 | D:8      | Noticed a komodo dragon
   514 | D:8      | Noticed a phantom
   523 | D:8      | Killed a komodo dragon
   523 | D:8      | Reached XP level 5. HP: 30/45 MP: 4/4
   523 | D:8      | Reached XP level 6. HP: 35/51 MP: 5/5
   550 | D:8      | Reached skill level 5 in Armour
   612 | D:9      | Noticed a troll
   621 | D:9      | Killed a troll
   621 | D:9      | Reached XP level 7. HP: 42/57 MP: 6/6
   675 | D:9      | Reached skill level 5 in Shields
   724 | D:9      | Noticed a wraith
   737 | D:9      | Killed a wraith
   777 | D:9      | Reached XP level 8. HP: 62/64 MP: 7/7
   819 | D:9      | Noticed a two-headed ogre
   829 | D:9      | Killed a two-headed ogre
   829 | D:9      | Reached skill level 5 in Dodging
   835 | D:9      | Got a transparent mace
   836 | D:9      | Identified the +10 mace "Awoa" {freeze, rElec} (You found it on level 9 of the Dungeon)
   874 | D:9      | Found Nag Mio's Book Emporium.
   916 | D:10     | Entered Level 10 of the Dungeon
   935 | D:10     | Reached XP level 9. HP: 67/70 MP: 8/8
  1101 | D:11     | Noticed a troll
  1102 | D:11     | Noticed a death knight
  1104 | D:11     | Noticed Sonja
  1110 | D:11     | Killed a troll
  1114 | D:11     | Killed Sonja
  1150 | D:10     | Noticed a rust devil
  1150 | D:10     | Noticed a rust devil
  1160 | D:10     | Killed a rust devil
  1160 | D:10     | Reached skill level 10 in Axes
  1160 | D:10     | Reached skill level 10 in Shields
  1160 | D:10     | Reached XP level 10. HP: 75/77 MP: 9/9
  1163 | D:10     | Killed a rust devil
  1285 | D:11     | Killed a death knight
  1349 | D:11     | Reached *** piety under Trog
  1378 | D:11     | Noticed Fannar
  1429 | D:10     | HP: 5/115 [something (1)]
  1433 | D:10     | HP: 2/115 [something (4)]
  1497 | D:11     | Killed Fannar
  1557 | D:12     | Reached skill level 10 in Dodging
  1575 | D:12     | HP: 2/77 [acid dragon (2)]
  1622 | D:12     | Reached XP level 11. HP: 77/82 MP: 10/10
  1646 | D:12     | Noticed a two-headed ogre
  1655 | D:12     | Killed a two-headed ogre
  1682 | D:12     | Found a shattered altar of Ashenzari.
  1889 | D:12     | Noticed a six-headed hydra
  2138 | D:13     | Noticed a centaur warrior
  2147 | D:13     | Killed a centaur warrior
  2180 | D:13     | Noticed a necromancer
  2184 | D:13     | Killed a necromancer
  2194 | D:13     | Noticed a two-headed ogre
  2195 | D:13     | Noticed a deep troll
  2199 | D:13     | Killed a two-headed ogre
  2199 | D:13     | Reached skill level 5 in Fighting
  2206 | D:13     | Killed a deep troll
  2245 | D:13     | Found a gate to the Vaults.
  2294 | D:13     | Found a bloodstained altar of Trog.
  2512 | D:15     | Entered Level 15 of the Dungeon
  2534 | D:15     | Gained mutation: You have large cloven feet. [mutagenic meat]
  2535 | D:15     | Gained mutation: You are partially covered in thin metallic scales. (AC +2) [mutagenic meat]
  2536 | D:15     | Gained mutation: You are partially covered in iridescent scales. (AC +2) [mutagenic meat]
  2537 | D:15     | Gained mutation: Your system is resistant to poisons. (rPois) [mutagenic meat]
  2538 | D:15     | Gained mutation: You passively map a small area around you. [mutagenic meat]
  2549 | D:15     | Noticed a catoblepas
  2557 | D:15     | Killed a catoblepas
  2563 | D:15     | Noticed a fire dragon
  2587 | D:14     | HP: 3/91 [very large slime creature (9)]
  2587 | D:14     | Slain by a slime creature

Vault maps used:
D:1:      dpeg_arrival_water_fire, corexii_leaking_fountain
D:2:      first_bread, hangedman_decor_lopped
D:3:      uniq_robin, uniq_terence, uniq_grinder, uniq_iyjb
D:4:      grunt_temple_overflow_open, lemuel_crystal_altar,
          fedhas_altar_fruit_tree
D:5:      minmay_temple_entry_statues, trog_hazing_becter
D:6:      serial_shops, shop
D:8:      minmay_misc_feat_columns, uniq_gastronok
D:9:      lair_entry_dummy, serial_shops, nicolae_shop_statue_plus, shop
D:10:     cheibrodos_iron_armory, erik_orc_1, hangedman_ranch
D:11:     serial_glass, glass_columns_a, glass_columns_c, minmay_checkerbox,
          uniq_fannar, uniq_sonja
D:12:     serial_shops, shop, evilmike_ruin_ashenzari
D:13:     david_vaults_4, basic_altar
D:14:     hangedman_decor_points, minmay_rotating_lava
D:15:     gammafunk_depths_entry_grave, serial_park_gazebo,
          portal_ice_cave_entry_pillars_2, basic_altar, serial_shops, shop

Skill      XL: |  1  2  3  4  5  6  7  8  9 10 11 |
---------------+----------------------------------+-----
Axes           | 5 6 7 8 10 11 12 | 12.4
Armour         | 4 5 |  5.8
Shields        | 3 4 5 7 10 12 | 12.6
Dodging        | 3 6 8 10 11 | 11.5
Fighting       | 6 |  6.9

Action                   |  1- 3 |  4- 6 |  7- 9 | 10-12 || total
-------------------------+-------+-------+-------+-------++-------
Melee: Hand axe          |    65 |    45 |    19 |       ||   129
       Headbutt          |     5 |    17 |    26 |    52 ||   100
       War axe           |       |       |    70 |   231 ||   301
       Mace              |       |       |    11 |       ||    11
       Kick              |       |       |       |     8 ||     8
Invok: Berserk           |     1 |     2 |     4 |    12 ||    19
       Burn Spellbooks   |     1 |     1 |       |     2 ||     4
       Trog's Hand       |       |       |     1 |     7 ||     8
Evoke: Wand              |       |       |       |     1 ||     1
  Use: Potion            |       |       |       |     2 ||     2
       Scroll            |       |       |       |     4 ||     4
  Eat: Chunk             |       |       |     4 |    22 ||    26
       Bread ration      |       |       |     1 |       ||     1
       Royal jelly       |       |       |       |     2 ||     2
Armor: Plate armour      |    21 |    14 |       |       ||    35
       Troll leather arm |       |       |    15 |    18 ||    33
Dodge: Dodged            |    13 |    11 |    32 |   123 ||   179
Block: Shield            |    13 |    24 |    65 |   176 ||   278
